 Dungeon Crawl Stone Soup version 0.32-a0-815-g315f82d515 (webtiles) character file.

Game seed: 16942855230026981224

12739 Nvm9 the Fighter (level 11, -8/80 HPs)
             Began as a Demonspawn Fighter on Mar 23, 2024.
             Was a Follower of Qazlal.
             Shot with an arrow by a centaur warrior (13 damage)
             ... on level 11 of the Dungeon.
             The game lasted 00:18:21 (10074 turns).

Nvm9 the Fighter (Demonspawn Fighter)              Turns: 10074, Time: 00:18:22

Health: -8/80      AC: 28    Str: 22    XL:     11   Next: 66%
Magic:  11/11      EV:  6    Int:  7    God:    Qazlal [*.....]
Gold:   362        SH:  1    Dex: 10    Spells: 10/10 levels left

rFire   . . .        f - +7 battleaxe
rCold   . . .        (shield currently unavailable)
rNeg    . . .        O - +0 plate armour
rPois   +            (helmet restricted)
rElec   +            G - +1 cloak {rCorr}
rCorr   +            S - +0 pair of gloves
SInv    .            B - +0 pair of boots of Sophism {+Blink rElec Str+2 Int-3}
Will    .....        l - amulet of regeneration Stlth
                     i - ring "Wicodik" {*Slow +Blink Slay+4 Stlth+}
HPRegen 1.13/turn    h - +4 ring of slaying
MPRegen 0.12/turn

%: slow self (1%)
@: sanguine armoured, slowed, wreathed by umbra, very slow
A: horns 2, powered by death 2, sanguine armour 2, foul shadow 1, clumsy 1,
frail 1, poison resistance, wild magic 1
a: Renounce Religion, Evoke Blink


You were on level 11 of the Dungeon.
You worshipped Qazlal.
Qazlal was aware of your devotion.
You visited 2 branches of the dungeon, and saw 12 of its levels.

You collected 656 gold pieces.
You spent 294 gold pieces at shops.

Inventory:

Hand Weapons
 a - a +0 war axe
 f - a +7 battleaxe (weapon)
 n - a +2 quarterstaff of chaos
 u - a +3 scimitar of flaming
 z - a +2 whip of flaming
 N - a +0 scimitar of freezing
Missiles
 F - 13 poisoned darts (quivered)
 H - 3 curare-tipped darts
 I - 2 throwing nets
Armour
 b - a +0 scale mail
 c - a +0 buckler
 s - a +3 scale mail of fire resistance
 v - the +4 ring mail of Yredelemnul's Pride {^Contam Harm rF- Dex+7 SInv}
   (You found it on level 3 of the Dungeon)

   Dex+7:     It affects your dexterity (+7).
   rF-:       It makes you vulnerable to fire.
   SInv:      It lets you see invisible.
   ^Contam:   It causes magical contamination when unequipped.
   Harm:      It increases damage dealt and taken.
 y - a +0 pair of boots
 B - the +0 pair of boots of Sophism (worn) {+Blink rElec Str+2 Int-3}
   (You acquired it on level 9 of the Dungeon)

   Str+2:     It affects your strength (+2).
   Int-3:     It affects your intelligence (-3).
   rElec:     It insulates you from electricity.
   +Blink:    It lets you blink.
 G - a +1 cloak of preservation (worn)
 O - a +0 plate armour (worn)
 Q - the +4 chain mail "Koizowk" {rN+}
   (You found it on level 11 of the Dungeon)

   rN+:       It protects you from negative energy.
 R - a +1 chain mail of willpower
 S - a +0 pair of gloves (worn)
Jewellery
 h - a +4 ring of slaying (right hand)
 i - the ring "Wicodik" (left hand) {*Slow +Blink Slay+4 Stlth+}
   (You found it on level 6 of the Dungeon)

   [ring of slaying]

   Slay+4:    It affects your accuracy & damage with ranged weapons and melee
   (+4).
   +Blink:    It lets you blink.
   *Slow:     It may slow you when you take damage.
   Stlth+:    It makes you more stealthy.
 j - a ring of magical power
 l - an amulet of regeneration (around neck)
 o - a ring of flight
 r - a +6 ring of strength
 D - an amulet of the acrobat
Wands
 q - a wand of flame (35)
 t - a wand of polymorph (8)
 x - a wand of warping (16)
 E - a wand of mindburst (4)
 M - a wand of paralysis (4)
Scrolls
 e - 4 scrolls of teleportation
 k - 9 scrolls of identify
 p - 3 scrolls of revelation
 w - a scroll of poison
 C - a scroll of amnesia
 J - a scroll of vulnerability
 K - a scroll of fog
 L - a scroll of butterflies
Potions
 d - 2 potions of might
 g - a potion of lignification
 m - 3 potions of curing
 A - 2 potions of attraction
 P - a potion of cancellation


   Skills:
 * Level 9.6 Fighting
 * Level 8.5 Axes
 - Level 4.9 Throwing
 * Level 8.8 Armour
 * Level 8.8 Shields


You had 10 spell levels left.
You didn't know any spells.
Your spell library contained the following spells:

 Spells                   Type           Power      Damage    Failure   Level
 Apportation              Tloc           0%         N/A       100%        1
 Jinxbite                 Hex            0%         N/A       100%        2
 Mercury Vapours          Alch/Air       0%         N/A       100%        2
 Dazzling Flash           Conj/Hex       0%         N/A       100%        3
 Gell's Gravitas          Tloc           0%         N/A       100%        3
 Mephitic Cloud           Conj/Alch/Air  0%         N/A       100%        3
 Teleport Other           Tloc           0%         N/A       100%        3
 Brom's Barrelling Bould  Conj/Erth      0%         2d3       100%        4
 Alistair's Intoxication  Alch           0%         N/A       100%        5
 Curse of Agony           Necr           0%         N/A       100%        5
 Fireball                 Conj/Fire      0%         3d3       100%        5
 Freezing Cloud           Conj/Ice/Air   0%         6-21      100%        5
 Iskenderun's Battlesphe  Conj           0%         2d6       100%        5
 Silence                  Hex/Air        0%         N/A       100%        5
 Conjure Ball Lightning   Conj/Air       0%         3x3d6     100%        6
 Dispersal                Tloc           0%         N/A       100%        6
 Orb of Destruction       Conj           0%         9d5       100%        7


Dungeon Overview and Level Annotations

Branches:
Dungeon (11/15)            Temple (1/1) D:4            Lair (0/5) D:10
    Orc (0/2) D:10

Altars:
Ashenzari
Cheibriados
Dithmenos
Fedhas
Gozag
Hepliaklqana
Kikubaaqudgha
Makhleb
Nemelex Xobeh
Okawaru
Qazlal
Ru
Sif Muna
Trog
Uskayaw
Vehumet
Wu Jian
Xom
Yredelemnul

Shops:
D:5 (*   D:9 *


Innate Abilities, Weirdness & Mutations

You have a pair of horns on your head.
You regenerate health from kills.
When seriously injured, your blood forms thick armour. (AC +9)
You are faintly shadowed, very rarely releasing foul flame when damaged in melee.
You are clumsy. (Dex -2)
You are frail. (-10% HP)
Your system is resistant to poisons. (rPois)
Your spells are a little harder to cast, but a little more powerful.


Message History

The yak gores you. The yak gores you!
You slice the yak!!
You kill the yak!
Qazlal accepts your kill.
The komodo dragon completely misses you.
You carve the komodo dragon like a ham!!!
You headbutt the komodo dragon!
You kill the komodo dragon!
Qazlal accepts your kill.
You hear an angry hiss.
You hear a horrible gurgling sound! x2
No target in view!
No target in view!
You see here the +4 chain mail "Koizowk" {rN+}.
Q - the +4 chain mail "Koizowk" {rN+} A centaur warrior comes into view.
The centaur warrior shouts!
The centaur warrior wields a +0 shortbow.
The centaur warrior shoots an arrow.
The arrow barely misses you.
The centaur warrior shoots an arrow.
The arrow hits you but does no damage.
The centaur warrior shoots an arrow.
The arrow hits you.
You hear an angry hiss.
A centaur warrior comes into view.
The centaur warrior shoots an arrow.
The arrow hits you!
You feel yourself slow down.
A wyvern comes into view.
You hear a shout!
The wyvern hisses angrily.
The centaur warrior shoots an arrow.
The arrow hits you!!
Your blood congeals into armour.
The centaur warrior shoots an arrow.
The arrow hits you!!
The centaur warrior shoots an arrow.
The arrow hits you but does no damage.
A yaktaur comes into view.
The centaur warrior wields a +0 orcbow.
The centaur warrior shoots an arrow.
The arrow closely misses you.
The centaur warrior shoots an arrow.
The arrow hits you!
* * * LOW HITPOINT WARNING * * *
The centaur warrior shoots an arrow.
The arrow hits you but does no damage.
The centaur warrior shoots an arrow.
The arrow hits you!
* * * LOW HITPOINT WARNING * * *
The centaur warrior shoots an arrow.
The arrow hits you!
You die...

#c.$........... ......
.cc.......... #.#..
#.........#. #.#..
#.........#.# #.#..
#...†.....#.# #....
#.........#.## #....
#.........#..# #....
####....######..# #....
.......§@☼.....)# #....
####............#####....
.........................
####..........#.....#.##.
.........~..+.....### .
###......~...#.....# .
#..........#.....# .
#..........#<....# .
############.....# .


You could see 2 centaur warriors.

Vanquished Creatures
  Harold (D:10)
  Erica (D:8)
  2 two-headed ogres
  Pikel (D:8)
  Maurice (D:8)
  An unseen horror (D:10)
  A komodo dragon (D:11)
  3 kobold demonologists (D:11)
  3 trolls (D:9)
  2 shadows (D:10)
  12 yaks
  A yak (shapeshifter) (D:11)
  3 vampire mosquitoes (D:9)
  2 steam dragons
  An acid dragon (D:10)
  3 water moccasins
  2 orc warriors
  A laughing skull (D:11)
  2 ogres
  4 centaurs
  2 phantoms
  A lemure (D:8)
  Blork the orc (D:5)
  4 kobold brigands
  6 bullfrogs
  5 scorpions
  12 wights
  10 killer bees
  A howler monkey (D:9)
  2 bombardier beetles
  3 jellies
  A gnoll bouda (D:7)
  Crazy Yiuf (D:6)
  6 hounds
  9 orc priests
  Ijyb (D:3)
  Jessica (D:2)
  Terence (D:2)
  An iguana (D:4)
  Natasha (twice) (D:3)
  5 orc wizards
  Robin (D:3)
  7 gnolls
  16 adders
  2 shadow imps
  2 white imps
  A dart slug (D:3)
  A ribbon worm (D:3)
  24 orcs
  8 ball pythons
  7 bats
  14 endoplasms
  2 giant cockroaches
  11 hobgoblins
  7 jackals
  5 quokkas
  2 frilled lizards (D:3)
  16 goblins
  24 kobolds
  4 rats
276 creatures vanquished.

Vanquished Creatures (others)
  A kobold (D:3)
1 creature vanquished.

Grand Total: 277 creatures vanquished

Notes
Turn   | Place    | Note
-------+----------+-------------------------------------------
     0 | D:1      | Nvm9 the Demonspawn Fighter began the quest for the Orb.
     0 | D:1      | Reached XP level 1. HP: 18/18 MP: 1/1
   193 | D:1      | Gained mutation: You regenerate a little health from kills.
                  | [demonic ancestry]
   193 | D:1      | Reached XP level 2. HP: 24/24 MP: 2/2
  1082 | D:2      | Reached XP level 3. HP: 22/29 MP: 3/3
  1095 | D:2      | Noticed Jessica
  1110 | D:2      | Killed Jessica
  1111 | D:2      | Gained mutation: You are faintly shadowed, very rarely
                  | releasing foul flame when damaged in melee. [demonic
                  | ancestry]
  1111 | D:2      | Reached XP level 4. HP: 15/35 MP: 4/4
  1400 | D:2      | Noticed Terence
  1412 | D:2      | Killed Terence
  1413 | D:2      | Reached skill level 1 in Throwing
  1766 | D:3      | Noticed Ijyb
  1797 | D:3      | Gained mutation: You have a pair of small horns on your
                  | head. [demonic ancestry]
  1797 | D:3      | Reached XP level 5. HP: 38/42 MP: 5/5
  1851 | D:3      | Killed Ijyb
  1852 | D:3      | Reached skill level 4 in Fighting
  1972 | D:3      | Noticed Natasha
  1981 | D:3      | Killed Natasha
  2139 | D:3      | Gained mutation: You regenerate health from kills. [demonic
                  | ancestry]
  2139 | D:3      | Reached XP level 6. HP: 48/48 MP: 6/6
  2325 | D:3      | Identified the +4 ring mail of Yredelemnul's Pride {^Contam
                  | Harm rF- Dex+7 SInv}
  2441 | D:3      | Noticed Natasha
  2447 | D:3      | Killed Natasha
  2476 | D:3      | Noticed Robin
  2510 | D:3      | Killed Robin
  2558 | D:3      | Gained mutation: You have a pair of horns on your head.
                  | [potion of mutation]
  2558 | D:3      | Gained mutation: You expend magic power (3 MP) to
                  | strengthen your wands. [potion of mutation]
  2768 | D:4      | Mutation became permanent: You have a pair of small horns
                  | on your head. [demonic ancestry]
  2768 | D:4      | Gained mutation: You have a pair of horns on your head.
                  | [demonic ancestry]
  2768 | D:4      | Reached XP level 7. HP: 47/55 MP: 7/7
  3208 | D:4      | Reached skill level 5 in Fighting
  3364 | D:4      | Found a staircase to the Ecumenical Temple.
  3394 | Temple   | Entered the Ecumenical Temple
  3632 | D:5      | Entered Level 5 of the Dungeon
  3726 | D:5      | Found Kecs's Assorted Antiques.
  3728 | D:5      | Found Kicsioss's Weapon Shop.
  3732 | D:5      | Bought a metallic inky potion for 19 gold pieces
  3816 | D:5      | Reached XP level 8. HP: 62/62 MP: 8/8
  4204 | D:5      | Noticed Blork the orc
  4211 | D:5      | Killed Blork the orc
  4212 | D:5      | Reached skill level 5 in Armour
  4318 | D:5      | Reached skill level 5 in Shields
  4425 | D:5      | Lost mutation: You expend magic power (3 MP) to strengthen
                  | your wands. [potion of mutation]
  4425 | D:5      | Gained mutation: You are frail. (-10% HP) [potion of
                  | mutation]
  4425 | D:5      | Gained mutation: You have a pair of large horns on your
                  | head. [potion of mutation]
  4425 | D:5      | Gained mutation: You sometimes lose your temper in combat.
                  | [potion of mutation]
  4425 | D:5      | Gained mutation: Your mind is acute. (Int +4, Str/Dex -1)
                  | [potion of mutation]
  4426 | D:5      | Lost mutation: Your mind is acute. (Int +4, Str/Dex -1)
                  | [potion of mutation]
  4426 | D:5      | Lost mutation: You are frail. (-10% HP) [potion of
                  | mutation]
  4426 | D:5      | Gained mutation: Your muscles are strong. (Str +4, Int/Dex
                  | -1) [potion of mutation]
  4426 | D:5      | Lost mutation: Your muscles are strong. (Str +4, Int/Dex
                  | -1) [potion of mutation]
  4603 | D:6      | Identified the ring "Wicodik" {*Slow +Blink Slay+4 Stlth+}
  4757 | D:6      | Found a runed translucent door.
  4758 | D:6      | Noticed Crazy Yiuf
  4813 | D:6      | Reached skill level 6 in Fighting
  4813 | D:6      | Reached skill level 5 in Axes
  4867 | D:6      | Killed Crazy Yiuf
  5294 | D:7      | Reached XP level 9. HP: 70/70 MP: 9/9
  5388 | D:7      | Found a hazy altar of Hepliaklqana.
  5388 | D:7      | Found a stormy altar of Qazlal.
  5388 | D:7      | Found a hide-covered altar of Uskayaw.
  5395 | D:7      | Found a bloodstained altar of Trog.
  5400 | D:7      | Found a blossoming altar of Fedhas.
  5402 | D:7      | Found a snail-covered altar of Cheibriados.
  5406 | D:7      | Found a radiant altar of Vehumet.
  6078 | D:7      | Reached skill level 7 in Fighting
  6297 | D:8      | Noticed Maurice
  6300 | D:8      | Maurice stole a ring of flight
  6305 | D:8      | Something stole a +2 quarterstaff of chaos
  6322 | D:8      | Something stole 466 gold
  6342 | D:8      | Killed Maurice
  6343 | D:8      | Gained mutation: When seriously injured, your blood forms
                  | armour. (AC +9) [demonic ancestry]
  6343 | D:8      | Reached XP level 10. HP: 79/79 MP: 0/10
  6600 | D:8      | Noticed Erica
  6623 | D:8      | Killed Erica
  6990 | D:8      | Found a burning altar of Makhleb.
  6996 | D:8      | Reached skill level 8 in Fighting
  7006 | D:8      | Found an opulent altar of Gozag.
  7126 | D:9      | Noticed Pikel
  7135 | D:8      | Killed Pikel
  7215 | D:7      | Became a worshipper of Qazlal Stormbringer
  7596 | D:10     | Entered Level 10 of the Dungeon
  7987 | D:9      | Found Qitib's Assorted Antiques.
  7993 | D:9      | Bought a potion of mutation for 176 gold pieces
  7993 | D:9      | Bought a pair of boots for 99 gold pieces
  7998 | D:9      | Lost mutation: You sometimes lose your temper in combat.
                  | [potion of mutation]
  7998 | D:9      | Lost mutation: You have a pair of large horns on your head.
                  | [potion of mutation]
  7998 | D:9      | Gained mutation: You are clumsy. (Dex -2) [potion of
                  | mutation]
  7998 | D:9      | Gained mutation: You are frail. (-10% HP) [potion of
                  | mutation]
  7998 | D:9      | Gained mutation: Your system is resistant to poisons.
                  | (rPois) [potion of mutation]
  7998 | D:9      | Gained mutation: Your spells are a little harder to cast,
                  | but a little more powerful. [potion of mutation]
  8119 | D:9      | Identified a scroll of acquirement
  8119 | D:9      | Acquired the +0 pair of boots of Sophism {+Blink rElec
                  | Str+2 Int-3}
  8275 | D:9      | Gained mutation: When seriously injured, your blood forms
                  | thick armour. (AC +9) [demonic ancestry]
  8275 | D:9      | Reached XP level 11. HP: 35/78 MP: 11/11
  8309 | D:10     | Noticed Harold
  8432 | D:10     | Killed Harold
  9150 | D:10     | Found a staircase to the Lair.
  9196 | D:10     | Reached skill level 9 in Fighting
  9196 | D:10     | Found a staircase to the Orcish Mines.
  9299 | D:10     | Noticed a two-headed ogre
  9489 | D:10     | Killed a two-headed ogre
  9912 | D:11     | Reached * piety under Qazlal
 10021 | D:11     | Noticed a two-headed ogre
 10025 | D:11     | Killed a two-headed ogre
 10067 | D:11     | Identified the +4 chain mail "Koizowk" {rN+}
 10069 | D:11     | Noticed a centaur warrior
 10071 | D:11     | Noticed a centaur warrior
 10074 | D:11     | Shot with an arrow by a centaur warrior

Illustrated notes

Levels and vault maps discovered:
D:1:      giann_wishing_wells, layout_loops_ring
D:2:      layout_basic, uniq_jessica, uniq_terence
D:3:      cheibrodos_fertilizer, layout_rooms, serial_bayou_pond_d,
          st_stairs_12, minmay_starry_boxes, uniq_natasha, uniq_robin, uniq_ijyb
D:4:      layout_basic, temple_green, minmay_snake_closets
D:5:      layout_loops_corners, grunt_decor_one_mirror,
          nicolae_wooded_promenade, uniq_blork_the_orc
D:6:      layout_loops_ring, st_stairs_7, uniq_crazy_yiuf_cottage
D:7:      layout_gridville, nicolae_overflow_hallway_of_the_gods,
          kennysheep_generic_room_15
D:8:      layout_loops_ring, mainiacjoe_overflow_big_doors,
          nrook_mini_backslash, uniq_maurice, uniq_erica
D:9:      layout_gridville, serial_shops, kennysheep_little_box,
          kennysheep_cluttered_room, hangedman_decor_slide_cut, uniq_pikel
D:10:     layout_grid_maze, lair_entry_dummy, david_orc_3, uniq_harold
D:11:     minmay_cut_squares, layout_basic, uniq_urug
Temple:   dshaligram_water_room_temple

Skill      XL: |  1  2  3  4  5  6  7  8  9 10 11 |
---------------+----------------------------------+-----
Axes           | 2 3 4 5 6 7 8 |  8.5
Armour         | 3 4 5 6 7 8 |  8.8
Shields        | 3 4 5 6 7 8 |  8.8
Throwing       | 1 2 3 4 |  4.9
Fighting       | 4 5 6 7 8 9 |  9.6

Action                     |  1- 3 |  4- 6 |  7- 9 | 10-12 || total
---------------------------+-------+-------+-------+-------++-------
  Melee: War axe           |   102 |   177 |   274 |   175 ||   728
         Unarmed           |       |    29 |       |       ||    29
         Headbutt          |       |    15 |    53 |    52 ||   120
         Battleaxe         |       |       |       |    33 ||    33
  Throw: Dart              |       |       |       |     2 ||     2
    Use: Scroll            |       |     7 |     2 |     6 ||    15
         Potion            |       |     5 |     6 |     7 ||    18
 Armour: Scale mail        |   118 |   147 |   251 |   117 ||   633
         Skin              |       |     9 |       |       ||     9
         Plate armour      |       |       |       |   269 ||   269
  Dodge: Dodged            |    62 |   108 |   149 |    91 ||   410
  Block: Buckler           |    40 |    52 |    64 |    72 ||   228
         Other             |       |       |       |     1 ||     1

Table legend: (Time is in decaauts)
 A = Elapsed time spent in this place.
 B = Non-inter-level travel time spent in this place.
 C = Inter-level travel time spent in this place.
 D = Time resting spent in this place.
 E = Time spent auto-exploring this place.
 F = Levels seen in this place.
 G = Mean time per level.
                   A        B        C        D        E       F      G
               +--------+--------+--------+--------+--------+-----+--------+
         Total |  10373 |   9985 |    388 |   1088 |   6606 |  12 |  864.4 |
       Dungeon |  10371 |   9984 |    387 |   1088 |   6606 |  11 |  942.8 |
        Temple |      1 |      0 |      1 |      0 |      0 |   1 |    1.0 |
               +--------+--------+--------+--------+--------+-----+--------+

Top non-repeatable levels by time:
    D:10: 1600 daAuts
     D:8: 1088 daAuts
     D:4: 1053 daAuts
     D:7: 1028 daAuts
     D:9: 983 daAuts
     D:1: 974 daAuts
     D:3: 888 daAuts
     D:5: 878 daAuts
     D:2: 853 daAuts
     D:6: 779 daAuts
    D:11: 240 daAuts
  Temple: 1 daAuts
